Map: Terraform LE (Void)

Players

wabbajack - Winner!

  • Race: Zerg Zerg
  • League: Gold

GOLT

  • Race: Zerg Zerg
  • League: Gold

VOD

Have the link to the VOD?

Description

Time

  • Played on: July 21, 2015, 10:49 p.m.
  • Length: 11:06
Show
View Real Time Build Order
Export as new Build Order

wabbajack Zerg - Winner!

Build Orders: Hatch First 

Get SALT Encoding   

  12  0:01  Drone  
  13  0:13  Overlord  
  13  0:22  Drone  
  13  0:25  Extractor  
  13  0:26  Drone  
  15  0:32  Drone  
  16  0:38  Drone  
  17  0:56  Hatchery  
  16  0:59  Extractor  
  16  1:03  Drone x2  
  17  1:20  Spawning Pool  
  16  1:31  Drone  
  16  1:32  Drone x2  
  19  1:44  Overlord  
  19  2:05  Drone  
  20  2:08  Queen  
  20  2:09  Queen  
  24  2:19  Spine Crawler  
  23  2:27  Spine Crawler  
  23  2:29  Drone  
  23  2:30  Drone x3  
  23  2:36  Zergling x4  
  28  2:46  Roach Warren  
  27  3:02  Overlord  
  27  3:22  Overlord  
  27  3:27  Roach x6  
  29  3:31  Roach  
  29  3:33  Roach  
  43  3:39  Overlord  
  43  3:57  Roach x4  
  51  4:05  Roach x2  
  51  4:07  Roach  
  57  4:11  Roach  
  59  4:21  Drone  
  60  4:25  Extractor  
  60  4:26  Drone  
  60  4:27  Drone, Extractor  
  60  4:31  Drone, Extractor  
  62  4:41  Overlord  
  62  4:42  Overlord x2  
  62  5:05  Zergling x2  
  62  5:06  Zergling x14  
  70  5:23  Drone  
  70  5:24  Drone x7  
  70  5:26  Metabolic Boost  
  70  5:27  Overlord  
  75  6:00  Spore Crawler x3  
  62  6:07  Spore Crawler x2  
  62  6:10  Spore Crawler  
  49  6:13  Spore Crawler  
  49  6:15  Drone x6  
  49  6:16  Drone x6  
  48  6:21  Queen  
  43  6:48  Lair  
  43  6:54  Drone x3  
  43  6:55  Drone  
  43  7:00  Extractor  
  46  7:02  Extractor  
  45  7:09  Queen  
  47  7:21  Spore Crawler  
  46  7:34  Drone x9  
  52  7:45  Spore Crawler  
  52  7:49  Queen x2  
  55  7:56  Extractor  
  54  8:02  Spore Crawler  
  53  8:21  Hydralisk Den  
  53  8:23  Drone  
  53  8:24  Drone x11  
  53  8:25  Spore Crawler  
  59  8:44  Overlord x2  
  59  8:48  Queen  
  57  8:49  Overlord x2  
  59  8:56  Hatchery  
  59  8:57  Muscular Augments  
  59  8:58  Hydralisk  
  59  8:59  Hydralisk x6  
  72  9:06  Evolution Chamber  
  71  9:21  Hydralisk x8  
  88  9:48  Hatchery  
  87  10:01  Roach  
  87  10:02  Roach x7  
Show
View Real Time Build Order
Export as new Build Order

GOLT Zerg 

Build Orders: Hatch First 

Get SALT Encoding   

  12  0:01  Drone  
  13  0:10  Drone  
  14  0:17  Overlord  
  14  0:20  Extractor  
  13  0:24  Drone  
  14  0:44  Drone  
  15  0:55  Hatchery  
  14  0:59  Drone  
  15  1:14  Spawning Pool  
  14  1:21  Drone x2  
  16  1:27  Overlord  
  16  1:32  Drone  
  17  2:00  Queen  
  19  2:01  Zergling x4  
  19  2:05  Zergling x2  
  22  2:10  Queen  
  22  2:13  Drone  
  25  2:20  Metabolic Boost  
  25  2:32  Drone x2  
  25  2:33  Drone  
  28  2:43  Lair  
  28  2:46  Extractor  
  28  2:49  Drone  
  26  3:11  Drone x3  
  29  3:16  Drone  
  29  3:17  Drone  
  31  3:20  Drone  
  31  3:21  Drone x3  
  31  3:23  Overlord  
  35  3:35  Overlord  
  35  3:39  Extractor  
  35  3:41  Drone x2, Extractor  
  35  3:42  Drone  
  35  3:43  Drone  
  35  3:45  Drone  
  38  3:57  Spire  
  37  4:05  Drone x3  
  37  4:06  Drone  
  41  4:24  Drone  
  41  4:25  Drone x2  
  43  4:47  Evolution Chamber  
  43  4:50  Evolution Chamber  
  41  4:54  Spine Crawler  
  41  4:59  Drone x2  
  42  5:01  Spine Crawler  
  42  5:03  Overlord x2  
  41  5:09  Mutalisk x2  
  41  5:10  Mutalisk x3  
  51  5:20  Mutalisk  
  51  5:21  Mutalisk x3  
  48  5:32  Mutalisk, Zergling x4  
  50  5:41  Zergling x4  
  50  5:42  Zergling x2  
  30  6:15  Drone x4  
  31  6:47  Drone  
  31  6:53  Drone  
  33  7:00  Drone  
  34  7:20  Drone x3  
  35  7:51  Drone  
  35  7:52  Drone  
  37  8:04  Hatchery  
  36  8:26  Queen  
  38  8:28  Drone x3  
  41  8:50  Drone x2  
  43  9:05  Hatchery  
  42  9:24  Queen  
  42  9:25  Drone  
  43  9:50  Hydralisk Den  
  43  9:52  Drone x3  
  45  10:02  Zergling x6  
  45  10:03  Zergling x8  
  52  10:10  Spire  
  52  10:14  Infestation Pit  
  52  10:17  Queen  
  52  10:19  Drone  
  48  10:33  Zergling x2  
  41  10:54  Drone x2  
Tags
 
Add a new tag
Caveats
  • Supply blocks, unpowered buildings, or Contaminate may cause inaccurate times.
  • Supply counts are checked every 10 seconds.